[ AOE2 MATCH · #508006046 ]
UnrankedMagyars vs Vikings
Player's team · LOSS
Rival team · WIN
[ REPLAY ANALYSIS · EXTRACTED FROM THE RECORDED GAME ]
Feudal
9:20
Castle
21:47
Imperial
—
| APM avg | 69.2 |
| APM peak | 131 |
| eAPM avg | 22.6 |
| Villagers / military | 128 / 120 |
Focus
⚔️ 40.5% · 🌾 59.5%
Knight ×58 · Cavalry Archer ×33 · Skirmisher ×19 · Scout Cavalry ×4 · Monk ×2 · Mangonel ×2
Feudal
10:36
Castle
18:41
Imperial
37:31
| APM avg | 85.5 |
| APM peak | 146 |
| eAPM avg | 51.4 |
| Villagers / military | 165 / 166 |
Focus
⚔️ 54.4% · 🌾 45.6%
Archer ×90 · Skirmisher ×46 · Knight ×17 · Berserk ×4 · Militia ×4 · Monk ×2
Match map
Initial resources + every placement click. Lines = walls · curves = elevation contours. ◆ gold · ⬟ stone · ● berries · ✦ relic · ◌ wall gap
Your base· ✓ Closed at 21:47 · 44t walls · 1 gate(s)
Schrödinger's base· ✓ Closed at 18:41 · 34t walls · no gate
Smoothed initial terrain · ◌ = detected wall gap · hover for details
Inputs per minute
— Jak3y - - Schrödinger
Build order — Jak3y
First 150 of 352 actions detected
| 0:00 | Queue | Villager (Male) |
| 0:00 | Queue | Villager (Male) |
| 0:01 | Build | House |
| 0:03 | Build | House |
| 0:43 | Queue | Villager (Male) ×2 |
| 1:25 | Queue | Villager (Male) |
| 1:56 | Queue | Villager (Male) |
| 2:34 | Queue | Villager (Male) |
| 2:39 | Build | Mill |
| 2:57 | Queue | Villager (Male) |
| 3:24 | Queue | Villager (Male) |
| 3:25 | Queue | Villager (Male) |
| 3:25 | Queue | Villager (Male) |
| 3:35 | Build | House |
| 3:45 | Queue | Villager (Male) |
| 4:23 | Queue | Villager (Male) |
| 4:23 | Queue | Villager (Male) |
| 4:40 | Queue | Villager (Male) |
| 4:55 | Queue | Villager (Male) |
| 6:02 | Build | Lumber Camp |
| 6:38 | Research | Loom |
| 6:48 | Research | Feudal Age |
| 6:54 | Build | House |
| 7:23 | Build | House |
| 7:37 | Queue | Villager (Male) |
| 7:42 | Build | Palisade Wall |
| 7:44 | Build | House |
| 7:47 | Build | House |
| 7:49 | Build | Palisade Wall |
| 7:54 | Build | Palisade Wall |
| 8:13 | Queue | Villager (Male) |
| 8:37 | Build | Barracks |
| 8:56 | Build | House |
| 8:58 | Build | House |
| 9:02 | Build | House |
| 9:20 | Age | Feudal Age |
| 9:42 | Build | Stable |
| 10:06 | Queue | Spearman |
| 10:08 | Queue | Villager (Male) |
| 10:27 | Queue | Spearman |
| 10:29 | Queue | Villager (Male) |
| 10:30 | Queue | Scout Cavalry |
| 10:30 | Queue | Scout Cavalry |
| 10:36 | Build | Mill |
| 10:38 | Queue | Scout Cavalry |
| 10:48 | Queue | Scout Cavalry |
| 11:01 | Queue | Villager (Male) |
| 11:06 | Build | Farm |
| 11:30 | Queue | Villager (Male) |
| 11:32 | Build | Farm |
| 11:34 | Build | Farm |
| 11:49 | Build | House |
| 11:52 | Build | Palisade Wall |
| 11:52 | Queue | Villager (Male) |
| 11:56 | Build | Farm |
| 12:08 | Queue | Villager (Male) |
| 12:20 | Research | Double-Bit Axe |
| 12:46 | Queue | Villager (Male) |
| 13:00 | Queue | Villager (Male) |
| 13:04 | Queue | Villager (Male) |
| 13:11 | Build | Archery Range |
| 13:13 | Build | Palisade Wall |
| 13:33 | Queue | Villager (Male) |
| 13:42 | Queue | Villager (Male) |
| 13:51 | Queue | Villager (Male) |
| 13:54 | Build | Farm |
| 13:55 | Build | Farm |
| 13:55 | Build | Farm |
| 14:04 | Queue | Villager (Male) |
| 14:06 | Build | Farm |
| 14:12 | Build | Farm |
| 14:21 | Queue | Skirmisher |
| 14:28 | Build | Farm |
| 14:40 | Build | House |
| 14:51 | Queue | Skirmisher |
| 15:00 | Queue | Skirmisher |
| 15:02 | Queue | Villager (Male) |
| 15:08 | Build | Farm |
| 15:14 | Build | Palisade Wall |
| 15:17 | Build | Palisade Wall |
| 15:23 | Queue | Villager (Male) |
| 15:35 | Queue | Villager (Male) |
| 15:39 | Build | Mining Camp |
| 15:48 | Build | Palisade Wall |
| 15:57 | Queue | Skirmisher |
| 16:00 | Queue | Villager (Male) |
| 16:32 | Queue | Skirmisher |
| 16:33 | Queue | Villager (Male) |
| 16:39 | Build | Blacksmith |
| 16:53 | Build | Farm |
| 16:58 | Build | Lumber Camp |
| 17:17 | Queue | Villager (Male) |
| 17:19 | Build | Farm |
| 17:21 | Queue | Skirmisher |
| 17:27 | Research | Fletching |
| 17:40 | Queue | Villager (Male) |
| 17:47 | Build | House |
| 17:47 | Build | House |
| 18:18 | Build | House |
| 18:19 | Build | House |
| 18:20 | Build | House |
| 18:23 | Build | Market |
| 18:32 | Queue | Villager (Male) |
| 19:07 | Research | Castle Age |
| 19:10 | Queue | Skirmisher |
| 19:13 | Build | House |
| 19:14 | Build | House |
| 19:18 | Build | Archery Range |
| 19:26 | Build | House |
| 19:27 | Build | House |
| 19:29 | Build | House |
| 19:30 | Build | House |
| 19:32 | Build | House |
| 19:36 | Queue | Skirmisher |
| 19:37 | Queue | Skirmisher |
| 19:44 | Build | Farm |
| 19:46 | Build | Farm |
| 19:58 | Research | Padded Archer Armor |
| 20:06 | Build | Farm |
| 20:09 | Build | Farm |
| 20:11 | Build | House |
| 20:25 | Build | Farm |
| 20:27 | Queue | Skirmisher |
| 20:57 | Queue | Skirmisher |
| 21:21 | Build | Palisade Gate |
| 21:24 | Queue | Skirmisher |
| 21:32 | Queue | Villager (Male) |
| 21:47 | Age | Castle Age |
| 21:49 | Research | Elite Skirmisher (upgrade) |
| 21:50 | Research | Bodkin Arrow |
| 21:54 | Research | Bow Saw |
| 22:11 | Queue | Villager (Male) |
| 22:28 | Research | Leather Archer Armor |
| 22:33 | Build | Monastery |
| 23:08 | Queue | Skirmisher |
| 23:08 | Queue | Skirmisher |
| 23:10 | Queue | Villager (Male) |
| 23:10 | Queue | Villager (Male) |
| 23:24 | Queue | Monk |
| 23:33 | Queue | Villager (Male) |
| 23:55 | Queue | Skirmisher |
| 23:56 | Queue | Skirmisher |
| 23:56 | Queue | Villager (Male) |
| 24:26 | Build | Town Center |
| 24:27 | Queue | Skirmisher |
| 24:28 | Queue | Skirmisher |
| 24:43 | Queue | Skirmisher |
| 24:48 | Queue | Monk |
| 24:58 | Queue | Cavalry Archer |
| 24:59 | Queue | Villager (Male) |
Build order — Schrödinger
First 150 of 503 actions detected
| 0:00 | Queue | Villager (Male) |
| 0:01 | Queue | Villager (Male) |
| 0:02 | Build | House |
| 0:02 | Queue | Villager (Male) |
| 0:02 | Queue | Villager (Male) |
| 0:03 | Build | House |
| 1:26 | Queue | Villager (Male) |
| 1:59 | Queue | Villager (Male) |
| 2:01 | Build | Lumber Camp |
| 2:32 | Queue | Villager (Male) |
| 2:55 | Queue | Villager (Male) |
| 3:08 | Queue | Villager (Male) |
| 3:36 | Queue | Villager (Male) |
| 3:49 | Queue | Villager (Male) |
| 3:51 | Build | House |
| 4:23 | Queue | Villager (Male) |
| 4:40 | Build | Barracks |
| 5:04 | Queue | Villager (Male) |
| 5:04 | Queue | Villager (Male) |
| 5:17 | Build | House |
| 5:32 | Build | House |
| 5:43 | Queue | Militia |
| 5:43 | Queue | Militia |
| 5:44 | Queue | Militia |
| 5:56 | Queue | Villager (Male) |
| 5:56 | Queue | Villager (Male) |
| 6:17 | Queue | Villager (Male) |
| 6:39 | Queue | Villager (Male) |
| 6:58 | Queue | Villager (Male) |
| 7:00 | Build | Mill |
| 7:22 | Queue | Villager (Male) |
| 7:44 | Research | Loom |
| 8:22 | Research | Feudal Age |
| 8:29 | Build | Mining Camp |
| 8:51 | Queue | Militia |
| 8:55 | Build | House |
| 8:56 | Build | House |
| 9:26 | Queue | Villager (Male) |
| 9:57 | Build | Palisade Wall |
| 9:58 | Build | Palisade Wall |
| 10:05 | Build | Palisade Wall |
| 10:18 | Queue | Villager (Male) |
| 10:22 | Queue | Villager (Male) |
| 10:30 | Build | Palisade Wall |
| 10:36 | Age | Feudal Age |
| 10:41 | Build | Archery Range |
| 10:44 | Build | Palisade Wall |
| 10:47 | Build | Palisade Wall |
| 10:48 | Build | Palisade Wall |
| 10:59 | Build | Farm |
| 11:05 | Build | Palisade Wall |
| 11:07 | Research | Double-Bit Axe |
| 11:08 | Research | Double-Bit Axe |
| 11:17 | Queue | Villager (Male) |
| 11:27 | Queue | Villager (Male) |
| 11:29 | Queue | Villager (Male) |
| 11:33 | Queue | Villager (Male) |
| 11:47 | Queue | Villager (Male) |
| 11:53 | Queue | Villager (Male) |
| 11:56 | Build | Palisade Wall |
| 11:59 | Queue | Villager (Male) |
| 11:59 | Queue | Archer |
| 12:01 | Build | Farm |
| 12:01 | Queue | Archer |
| 12:08 | Queue | Villager (Male) |
| 12:09 | Queue | Archer |
| 12:18 | Build | Farm |
| 12:22 | Build | Farm |
| 12:22 | Queue | Villager (Male) |
| 12:24 | Queue | Archer |
| 12:41 | Queue | Archer |
| 12:45 | Queue | Villager (Male) |
| 12:51 | Build | Farm |
| 13:07 | Build | Farm |
| 13:17 | Queue | Villager (Male) |
| 13:17 | Queue | Archer |
| 13:24 | Build | Farm |
| 13:25 | Queue | Villager (Male) |
| 13:35 | Build | House |
| 13:36 | Build | House |
| 13:47 | Queue | Villager (Male) |
| 13:51 | Build | House |
| 13:52 | Queue | Villager (Male) |
| 13:58 | Build | House |
| 14:00 | Queue | Archer |
| 14:28 | Queue | Villager (Male) |
| 14:31 | Build | House |
| 14:38 | Build | Farm |
| 14:39 | Build | Farm |
| 14:53 | Queue | Archer |
| 15:12 | Queue | Archer |
| 15:18 | Build | Blacksmith |
| 15:36 | Queue | Villager (Male) |
| 15:47 | Build | House |
| 15:59 | Research | Castle Age |
| 16:07 | Build | Lumber Camp |
| 16:16 | Research | Fletching |
| 16:16 | Research | Fletching |
| 16:30 | Queue | Archer |
| 16:30 | Queue | Archer |
| 16:39 | Queue | Villager (Male) |
| 16:48 | Queue | Archer |
| 17:01 | Research | Gold Mining |
| 17:23 | Build | Archery Range |
| 17:38 | Queue | Archer |
| 17:40 | Build | House |
| 17:42 | Build | Palisade Wall |
| 17:44 | Build | Palisade Wall |
| 17:47 | Queue | Archer |
| 17:56 | Research | Padded Archer Armor |
| 18:00 | Research | Horse Collar |
| 18:14 | Queue | Archer |
| 18:18 | Build | Stable |
| 18:30 | Build | Palisade Wall |
| 18:31 | Queue | Villager (Male) |
| 18:40 | Queue | Villager (Male) |
| 18:41 | Age | Castle Age |
| 18:45 | Research | Crossbowman (upgrade) |
| 18:57 | Build | Farm |
| 18:58 | Build | Farm |
| 19:15 | Research | Bodkin Arrow |
| 19:20 | Queue | Archer |
| 19:21 | Queue | Archer |
| 19:21 | Queue | Archer |
| 19:21 | Queue | Archer |
| 19:28 | Queue | Villager (Male) |
| 19:31 | Build | Farm |
| 19:32 | Build | Farm |
| 19:34 | Build | Farm |
| 19:48 | Queue | Archer |
| 19:49 | Queue | Archer |
| 19:57 | Build | Farm |
| 19:58 | Build | Farm |
| 20:16 | Queue | Villager (Male) |
| 20:18 | Queue | Archer |
| 20:22 | Queue | Villager (Male) |
| 20:23 | Queue | Knight |
| 20:28 | Queue | Archer |
| 20:35 | Queue | Villager (Male) |
| 20:47 | Queue | Villager (Male) |
| 20:58 | Build | Town Center |
| 21:05 | Queue | Villager (Male) |
| 21:09 | Queue | Knight |
| 21:09 | Queue | Villager (Male) |
| 21:16 | Queue | Villager (Male) |
| 21:21 | Build | Palisade Wall |
| 21:27 | Queue | Knight |
| 21:38 | Queue | Villager (Male) |
| 21:48 | Queue | Villager (Male) |
| 22:01 | Queue | Knight |
Match timeline
| 4:40 | Schrödinger · first_building Barracks |
| 7:42 | Jak3y · wall_segment Palisade Wall x1 |
| 7:49 | Jak3y · wall_segment Palisade Wall x1 |
| 7:54 | Jak3y · wall_segment Palisade Wall x1 |
| 8:37 | Jak3y · first_building Barracks |
| 9:20 | Jak3y · age_up feudal |
| 9:42 | Jak3y · first_building Stable |
| 9:57 | Schrödinger · wall_segment Palisade Wall x7 |
| 9:58 | Schrödinger · wall_segment Palisade Wall x3 |
| 10:05 | Schrödinger · wall_segment Palisade Wall x5 |
| 10:30 | Schrödinger · wall_segment Palisade Wall x12 |
| 10:36 | Schrödinger · age_up feudal |
| 10:41 | Schrödinger · first_building Archery Range |
| 10:44 | Schrödinger · wall_segment Palisade Wall x1 |
| 10:47 | Schrödinger · wall_segment Palisade Wall x3 |
| 10:48 | Schrödinger · wall_segment Palisade Wall x1 |
| 11:05 | Schrödinger · wall_segment Palisade Wall x1 |
| 11:52 | Jak3y · wall_segment Palisade Wall x4 |
| 11:56 | Schrödinger · wall_segment Palisade Wall x1 |
| 13:11 | Jak3y · first_building Archery Range |
| 13:13 | Jak3y · wall_segment Palisade Wall x10 |
| 15:14 | Jak3y · wall_segment Palisade Wall x4 |
| 15:17 | Jak3y · wall_segment Palisade Wall x13 |
| 15:48 | Jak3y · wall_segment Palisade Wall x11 |
| 17:42 | Schrödinger · wall_segment Palisade Wall x1 |
| 17:44 | Schrödinger · wall_segment Palisade Wall x1 |
| 18:18 | Schrödinger · first_building Stable |
| 18:30 | Schrödinger · wall_segment Palisade Wall x1 |
| 18:41 | Schrödinger · age_up castle |
| 19:06 | Jak3y · first_market_buy 100 food |
| 21:21 | Schrödinger · wall_segment Palisade Wall x1 |
| 21:47 | Jak3y · age_up castle |
| 22:33 | Jak3y · first_building Monastery |
| 26:43 | Schrödinger · first_market_buy 100 wood |
| 27:07 | Jak3y · first_building Siege Workshop |
| 27:26 | Schrödinger · first_building Monastery |
| 29:21 | Jak3y · first_market_sell 100 wood |
| 30:56 | Schrödinger · first_building Siege Workshop |
| 31:41 | Schrödinger · first_building Castle |
| 34:12 | Schrödinger · wall_segment Stone Wall x12 |
| 34:23 | Jak3y · first_building Castle |
| 35:50 | Jak3y · wall_segment Palisade Wall x1 |
| 35:51 | Jak3y · wall_segment Palisade Wall x1 |
| 35:52 | Jak3y · wall_segment Palisade Wall x1 |
| 36:12 | Jak3y · wall_segment Palisade Wall x1 |
| 36:48 | Jak3y · wall_segment Palisade Wall x1 |
| 37:31 | Schrödinger · age_up imperial |
| 37:40 | Schrödinger · first_market_sell 100 wood |
| 37:58 | Schrödinger · wall_segment Stone Wall x1 |
| 37:59 | Schrödinger · wall_segment Stone Wall x16 |
| 40:24 | Schrödinger · wall_segment Stone Wall x11 |
| 42:18 | Schrödinger · wall_segment Palisade Wall x1 |
| 42:19 | Schrödinger · wall_segment Palisade Wall x1 |
| 42:38 | Schrödinger · wall_segment Palisade Wall x1 |
| 43:50 | Schrödinger · wall_segment Stone Wall x2 |
| 43:52 | Jak3y · wall_segment Palisade Wall x1 |
| 43:52 | Schrödinger · wall_segment Stone Wall x13 |
| 43:53 | Jak3y · wall_segment Palisade Wall x1 |
| 44:14 | Jak3y · wall_segment Palisade Wall x1 |
| 44:20 | Jak3y · resign |
[ AI ANALYSIS · 1 CREDIT ]
What really happened in this match?
Wolo.gg analyzes every decision: build order, eco, micro, common mistakes by bracket. Personalized analysis on WhatsApp or Discord in 30 seconds.
Civ guide
Magyars
Perfil
Jugador #10259343